Map: Acropolis LE

Players

ellie - Winner!

  • Race: Protoss Protoss
  • Spawn Location: 11:00

eXoXtinC

  • Race: Zerg Zerg
  • League: Diamond
  • Spawn Location: 5:00

VOD

Have the link to the VOD?

Description

how not to handle 2gate adept

Time

  • Played on: July 6, 2019, 8:29 p.m.
  • Length: 5:48
Show
View Real Time Build Order
Export as new Build Order

ellie Protoss - Winner!

Build Orders:  

Get SALT Encoding   

  12  0:01  Probe  
  13  0:13  Probe  
  14  0:23  Pylon  
  14  0:25  Probe  
  15  0:38  Probe  
  15  0:41  Gateway  
  16  0:46  Probe  
  16  0:53  Assimilator  
  16  0:55  Probe  
  18  1:07  Probe  
  19  1:15  Gateway  
  19  1:19  Probe  
  20  1:28  Zealot  
  20  1:30  Cybernetics Core  
  22  1:33  Probe  
  23  1:42  Pylon  
  23  1:57  Adept x2  
  27  2:09  Warp Gate  
  27  2:22  Nexus  
  27  2:27  Adept  
  29  2:34  Forge  
  29  2:42  Probe  
  29  2:54  Probe  
  30  3:07  Probe  
  29  3:21  Probe  
  30  3:33  Probe  
  30  3:34  Photon Cannon  
  31  3:36  Photon Cannon  
  31  3:38  Robotics Facility  
  31  3:49  Probe  
  31  3:50  Probe  
  33  4:01  Probe  
  33  4:02  Probe  
  33  4:13  Probe  
  33  4:17  Probe  
  33  4:18  Assimilator  
  33  4:20  Gateway  
  33  4:22  Gateway  
  33  4:23  Gateway, Warp Prism  
  33  4:25  Probe  
  33  4:26  Probe  
  37  4:33  Probe  
  37  4:34  Probe  
  38  4:41  Probe  
  38  4:43  Stalker x2, Probe  
  45  4:53  Pylon  
  45  4:55  Pylon  
  45  4:56  Probe  
  46  5:12  Observer  
  47  5:17  Pylon  
  47  5:22  Pylon  
  47  5:30  Stalker  
  47  5:31  Stalker x3  
  47  5:32  Zealot  
Show
View Real Time Build Order
Export as new Build Order

eXoXtinC Zerg 

Build Orders: Hatch First 

Get SALT Encoding   

  12  0:00  Drone  
  13  0:12  Overlord  
  13  0:16  Drone  
  14  0:31  Drone x2  
  16  0:49  Hatchery  
  15  0:54  Drone  
  15  0:56  Drone  
  17  0:58  Drone  
  18  1:10  Extractor  
  17  1:14  Spawning Pool  
  17  1:17  Drone  
  17  1:20  Drone  
  18  1:28  Drone  
  19  1:44  Drone  
  20  1:48  Evolution Chamber  
  19  1:55  Overlord  
  19  2:01  Queen  
  19  2:02  Zergling x4  
  19  2:07  Queen  
  25  2:19  Zerg Missile Weapons Level 1  
  25  2:25  Zergling x2  
  25  2:26  Drone x3  
  29  2:47  Hatchery  
  28  2:55  Zergling x4  
  28  3:05  Spore Crawler  
  25  3:09  Zergling x4  
  21  3:21  Drone x3  
  21  3:22  Drone  
  21  3:44  Spore Crawler  
  21  3:45  Zergling x4  
  21  3:46  Zergling x2  
  13  4:14  Roach Warren  
  12  4:26  Drone  
  12  4:27  Drone  
  12  4:30  Drone x2  
  17  4:32  Drone  
  18  4:40  Drone  
  19  4:53  Drone x3  
  19  4:56  Drone  
  19  4:59  Drone  
  24  5:14  Zergling x6  
  27  5:22  Roach Warren  
  27  5:28  Drone x3  
Tags
 
League
Diamond
Matchup
PvZ
Spawn Locations
Cross Positions
Add a new tag
Caveats
  • Supply blocks, unpowered buildings, or Contaminate may cause inaccurate times.
  • Supply counts are checked every 10 seconds.